SNL (28 & UNDER)
BLACKIRON DRAGONS @ WICHITA WRANGLERS
06/12/2027
 
TOP OF THE 1ST
BlackIron Dragons batting - Pitching for Wichita Wranglers : RHP José Vargas
Pitching: RHP José Vargas
Batting: SHB José Estreito 0-0: Called Strike
0-1: Ball
1-1: Called Strike
1-2: Foul Ball, location: 2F
1-2: Strikes out looking
Batting: LHB Miguel Barrón 0-0: Foul Ball, location: 2F
0-1: Ball
1-1: Ball
2-1: Foul Ball, location: 2F
2-2: Ball
3-2: Foul Ball, location: 2F
3-2: Fly out, F9 (Flyball, 9S)
Batting: RHB Doug O'Brien 0-0: Ball
1-0: Hit by Pitch
Batting: LHB Mike Davis 0-0: Ball
1-0: Ball
2-0: Ball
3-0: Called Strike
3-1: Base on Balls
Doug O'Brien to second
Batting: RHB Felipe Jareño 0-0: Swinging Strike
0-1: Ball
1-1: Ball
2-1: Swinging Strike
2-2: Foul Ball, location: 2F
2-2: Foul Ball, location: 2F
2-2: Ball
3-2: Base on Balls
Doug O'Brien to third
Mike Davis to second
Batting: LHB Manuel Cardenas 0-0: Ball
1-0: Ball
2-0: Ball
3-0: Base on Balls
Doug O'Brien scores
Mike Davis to third
Felipe Jareño to second
Batting: SHB Júlio Macías 0-0: Fielders Choice at 2nd, 4-6 (Groundball, 4)
Top of the 1st over - 1 run(s), 0 hit(s), 0 error(s), 2 left on base; BlackIron 1 - Wichita 0
BOTTOM OF THE 1ST
Wichita Wranglers batting - Pitching for BlackIron Dragons : RHP Bret McJannett
Pitching: RHP Bret McJannett
Batting: LHB Aurelio Torrez 0-0: Foul Ball, location: 2F
0-1: Ball
1-1: SINGLE (Flyball, 89S)
Batting: RHB Oliver Todd 0-0: Called Strike
0-1: Ball
1-1: Ball
2-1: Ball
3-1: SINGLE (Groundball, 56D)
Aurelio Torrez to second
Batting: SHB Javier Peña 0-0: Called Strike
0-1: DOUBLE (Line Drive, 78D)
Aurelio Torrez scores
Oliver Todd to third
Batting: RHB Félix Gonzáles 0-0: Called Strike
0-1: Called Strike
0-2: Foul Ball, location: 2F
0-2: Ball
1-2: Strikes out swinging
Batting: LHB Alfredo Sánchez 0-0: Swinging Strike
0-1: Ball
1-1: Called Strike
1-2: Ball
2-2: Foul Ball, location: 2F
2-2: Foul Ball, location: 2F
2-2: DOUBLE (Groundball, 3L)
Oliver Todd scores
Javier Peña scores
Batting: RHB Santiago Morales 0-0: Called Strike
0-1: Foul Ball, location: 2F
0-2: Ball
1-2: Ball
2-2: Foul Ball, location: 2F
2-2: Strikes out swinging
Batting: LHB Richard Hinkle 0-0: Called Strike
0-1: Called Strike
0-2: Foul Ball, location: 2F
0-2: Strikes out looking
Bottom of the 1st over - 3 run(s), 4 hit(s), 0 error(s), 1 left on base; BlackIron 1 - Wichita 3
TOP OF THE 2ND
BlackIron Dragons batting - Pitching for Wichita Wranglers : RHP José Vargas
Batting: RHB Eugene Payne 0-0: Ball
1-0: Ball
2-0: Called Strike
2-1: Called Strike
2-2: Foul Ball, location: 2F
2-2: SINGLE (Line Drive, 8LS)
Batting: RHB Ramón Rodríguez 0-0: Ball
1-0: Foul Ball, location: 2F
1-1: Ball
2-1: SINGLE (Line Drive, 56D)
Eugene Payne to second
Batting: SHB José Estreito 0-0: Called Strike
0-1: Ball
1-1: Called Strike
1-2: Ball
2-2: Strikes out swinging
Batting: LHB Miguel Barrón 0-0: Ball
1-0: SINGLE (Groundball, 56S) (infield hit)
Eugene Payne to third
Ramón Rodríguez to second
Batting: RHB Doug O'Brien 0-0: Ball
1-0: Ball
2-0: Ball
3-0: Foul Ball, location: 2F
3-1: Called Strike
3-2: Base on Balls
Eugene Payne scores
Ramón Rodríguez to third
Miguel Barrón to second
Batting: LHB Mike Davis 0-0: Called Strike
0-1: Swinging Strike
0-2: Ball
1-2: Foul Ball, location: 2F
1-2: SINGLE (Groundball, 4MD)
Ramón Rodríguez scores
Miguel Barrón to third
Doug O'Brien to second
Runner from 3rd tries for Home, SAFE, throw made home
Batting: RHB Felipe Jareño 0-0: Called Strike
0-1: Foul Ball, location: 2F
0-2: Strikes out swinging
Batting: LHB Manuel Cardenas 0-0: Called Strike
0-1: Fly out, F8 (Flyball, 8RS)
Top of the 2nd over - 3 run(s), 4 hit(s), 0 error(s), 2 left on base; BlackIron 4 - Wichita 3
BOTTOM OF THE 2ND
Wichita Wranglers batting - Pitching for BlackIron Dragons : RHP Bret McJannett
Batting: SHB Wayne Matthews 0-0: Called Strike
0-1: Swinging Strike
0-2: Strikes out looking
Batting: LHB José López 0-0: Called Strike
0-1: Ground out 4-3 (Groundball, 4)
Batting: LHB Aurelio Torrez 0-0: Called Strike
0-1: Ball
1-1: Ball
2-1: Ball
3-1: Base on Balls
Batting: RHB Oliver Todd 0-0: Ball
1-0: Called Strike
1-1: Swinging Strike
1-2: Foul Ball, location: 2F
1-2: Strikes out looking
Bottom of the 2nd over - 0 run(s), 0 hit(s), 0 error(s), 1 left on base; BlackIron 4 - Wichita 3
TOP OF THE 3RD
BlackIron Dragons batting - Pitching for Wichita Wranglers : RHP José Vargas
Batting: SHB Júlio Macías 0-0: Ball
1-0: TRIPLE (Flyball, 8LD)
Batting: RHB Eugene Payne 0-0: Ball
1-0: Ball
2-0: Swinging Strike
2-1: Ball
3-1: Foul Ball, location: 2F
3-2: Strikes out swinging
Batting: RHB Ramón Rodríguez 0-0: Called Strike
0-1: Ball
1-1: Foul Ball, location: 2F
1-2: Ball
2-2: Foul Ball, location: 2F
2-2: Foul Ball, location: 2F
2-2: 2-RUN HOME RUN (Flyball, 8LXD), Distance : 413 ft
Batting: SHB José Estreito 0-0: Called Strike
0-1: Ball
1-1: Ball
2-1: SINGLE (Groundball, 6M) (infield hit)
Batting: LHB Miguel Barrón 0-0: Called Strike
0-1: Ball
José Estreito is caught stealing 2nd base
1-1: Called Strike
1-2: Ball
2-2: SINGLE (Line Drive, 56D)
Batting: RHB Doug O'Brien 0-0: Ball
1-0: Ball
2-0: Fly out, F3 (Popup, 3L)
Top of the 3rd over - 2 run(s), 4 hit(s), 0 error(s), 1 left on base; BlackIron 6 - Wichita 3
BOTTOM OF THE 3RD
Wichita Wranglers batting - Pitching for BlackIron Dragons : RHP Bret McJannett
Batting: SHB Javier Peña 0-0: Ball
1-0: SOLO HOME RUN (Flyball, 9D), Distance : 385 ft
Batting: RHB Félix Gonzáles 0-0: Swinging Strike
0-1: Ball
1-1: Swinging Strike
1-2: Strikes out swinging
Batting: LHB Alfredo Sánchez 0-0: Ball
1-0: Fly out, F9 (Line Drive, 9)
Batting: RHB Santiago Morales 0-0: Foul Ball, location: 2F
0-1: Foul Ball, location: 2F
0-2: Fly out, F8 (Line Drive, 8LD)
Bottom of the 3rd over - 1 run(s), 1 hit(s), 0 error(s), 0 left on base; BlackIron 6 - Wichita 4
TOP OF THE 4TH
BlackIron Dragons batting - Pitching for Wichita Wranglers : RHP José Vargas
Pitching: LHP Jeff Jackson
Batting: LHB Mike Davis 0-0: Swinging Strike
0-1: Ball
1-1: Foul Ball, location: 2F
1-2: Foul Ball, location: 2F
1-2: Ball
2-2: Ball
3-2: Ground out 3-1 (Groundball, 34)
Batting: RHB Felipe Jareño 0-0: Called Strike
0-1: Foul Ball, location: 2F
0-2: Ball
1-2: Strikes out looking
Batting: LHB Manuel Cardenas 0-0: Ball
1-0: Ground out 1-3 (Groundball, 15)
Top of the 4th over - 0 run(s), 0 hit(s), 0 error(s), 0 left on base; BlackIron 6 - Wichita 4
BOTTOM OF THE 4TH
Wichita Wranglers batting - Pitching for BlackIron Dragons : RHP Bret McJannett
Batting: LHB Richard Hinkle 0-0: Ball
1-0: Ball
2-0: SINGLE (Groundball, 4MD)
Batting: SHB Wayne Matthews 0-0: Foul Ball, location: 2F
0-1: Called Strike
0-2: Foul Ball, location: 2F
0-2: Fielders Choice at 2nd, 4-6 (Groundball, 34)
Batting: LHB José López 0-0: Ball
1-0: Fly out, F8 (Flyball, 8RD)
Batting: LHB Aurelio Torrez 0-0: Ball
1-0: Swinging Strike
1-1: Ball
2-1: Ball
3-1: Fly out, F7 (Flyball, 7S)
Bottom of the 4th over - 0 run(s), 1 hit(s), 0 error(s), 1 left on base; BlackIron 6 - Wichita 4
TOP OF THE 5TH
BlackIron Dragons batting - Pitching for Wichita Wranglers : LHP Jeff Jackson
Batting: SHB Júlio Macías 0-0: Ball
1-0: SINGLE (Flyball, 89S)
Batting: RHB Eugene Payne 0-0: Called Strike
0-1: Ball
1-1: Fly out, F5 (Popup, 5)
Batting: RHB Ramón Rodríguez 0-0: Ball
1-0: Foul Ball, location: 2F
1-1: Ball
2-1: Foul Ball, location: 2F
2-2: Foul Ball, location: 2F
2-2: Foul Ball, location: 2F
2-2: Ball
3-2: Strikes out swinging
Batting: SHB José Estreito 0-0: Ball
1-0: Ball
2-0: Foul Ball, location: 2F
2-1: Foul Ball, location: 2F
2-2: Foul Ball, location: 2F
2-2: Foul Ball, location: 2F
2-2: Ball
3-2: Fly out, F9 (Flyball, 9LM)
Top of the 5th over - 0 run(s), 1 hit(s), 0 error(s), 1 left on base; BlackIron 6 - Wichita 4
BOTTOM OF THE 5TH
Wichita Wranglers batting - Pitching for BlackIron Dragons : RHP Bret McJannett
Batting: RHB Oliver Todd 0-0: Foul Ball, location: 2F
0-1: Swinging Strike
0-2: Strikes out looking
Batting: SHB Javier Peña 0-0: Ball
1-0: Ball
2-0: SINGLE (Groundball, 4MD)
Batting: RHB Félix Gonzáles 0-0: Called Strike
Pickoff Throw to First - Out!
0-1: Called Strike
0-2: Ball
1-2: Ball
2-2: Ball
3-2: Foul Ball, location: 2F
3-2: DOUBLE (Line Drive, 8LXD)
Batting: LHB Alfredo Sánchez 0-0: Ball
1-0: Called Strike
1-1: Ball
2-1: Ball
3-1: Fly out, F9 (Flyball, 89S)
Bottom of the 5th over - 0 run(s), 2 hit(s), 0 error(s), 1 left on base; BlackIron 6 - Wichita 4
TOP OF THE 6TH
BlackIron Dragons batting - Pitching for Wichita Wranglers : LHP Jeff Jackson
Batting: LHB Miguel Barrón 0-0: Called Strike
0-1: Foul Ball, location: 2F
0-2: Ball
1-2: Fly out, F3 (Line Drive, 34)
Batting: RHB Doug O'Brien 0-0: Called Strike
0-1: Foul Ball, location: 2F
0-2: Ball
1-2: Foul Ball, location: 2F
1-2: Strikes out swinging
Batting: LHB Mike Davis 0-0: Fly out, F8 (Flyball, 8RM)
Top of the 6th over - 0 run(s), 0 hit(s), 0 error(s), 0 left on base; BlackIron 6 - Wichita 4
BOTTOM OF THE 6TH
Wichita Wranglers batting - Pitching for BlackIron Dragons : RHP Bret McJannett
Batting: RHB Santiago Morales 0-0: Ball
1-0: Fly out, F8 (Line Drive, 78M)
Batting: LHB Richard Hinkle 0-0: Called Strike
0-1: Ball
1-1: Called Strike
1-2: Foul Ball, location: 2F
1-2: Strikes out looking
Batting: SHB Wayne Matthews 0-0: Swinging Strike
0-1: Called Strike
0-2: Strikes out looking
Bottom of the 6th over - 0 run(s), 0 hit(s), 0 error(s), 0 left on base; BlackIron 6 - Wichita 4
TOP OF THE 7TH
BlackIron Dragons batting - Pitching for Wichita Wranglers : LHP Jeff Jackson
Batting: RHB Felipe Jareño 0-0: Called Strike
0-1: Ball
1-1: Foul Ball, location: 2F
1-2: Strikes out swinging
Batting: LHB Manuel Cardenas 0-0: Foul Ball, location: 2F
0-1: Foul Ball, location: 2F
0-2: Ball
1-2: Ball
2-2: Ground out 4-3 (Groundball, 4D)
Batting: SHB Júlio Macías 0-0: Foul Ball, location: 2F
0-1: Ball
1-1: Ball
2-1: Ground out 6-3 (Groundball, 6)
Top of the 7th over - 0 run(s), 0 hit(s), 0 error(s), 0 left on base; BlackIron 6 - Wichita 4
BOTTOM OF THE 7TH
Wichita Wranglers batting - Pitching for BlackIron Dragons : RHP Bret McJannett
Pitching: RHP Doug Adams
Batting: LHB José López 0-0: SOLO HOME RUN (Flyball, 9D), Distance : 363 ft
Batting: LHB Aurelio Torrez 0-0: Ball
1-0: Fly out, F7 (Flyball, 7LM)
Batting: RHB Oliver Todd 0-0: Ball
1-0: Called Strike
1-1: Swinging Strike
1-2: Strikes out looking
Batting: SHB Javier Peña 0-0: Called Strike
0-1: SINGLE (Groundball, 6MD)
Batting: RHB Félix Gonzáles 0-0: Ball
1-0: Swinging Strike
1-1: SINGLE (Flyball, 9S)
Javier Peña to second
Runner from 2nd tries for 3rd, SAFE, throw made to third
Batting: LHB Alfredo Sánchez 0-0: Fly out, F7 (Flyball, 7LMF)
Bottom of the 7th over - 1 run(s), 3 hit(s), 0 error(s), 2 left on base; BlackIron 6 - Wichita 5
TOP OF THE 8TH
BlackIron Dragons batting - Pitching for Wichita Wranglers : LHP Jeff Jackson
Batting: RHB Eugene Payne 0-0: Foul Ball, location: 2F
0-1: Ground out 5-3 (Groundball, 56)
Batting: RHB Ramón Rodríguez 0-0: Foul Ball, location: 2F
0-1: Swinging Strike
0-2: Strikes out swinging
Batting: SHB José Estreito 0-0: Ball
1-0: Ground out 6-3 (Groundball, 6)
Top of the 8th over - 0 run(s), 0 hit(s), 0 error(s), 0 left on base; BlackIron 6 - Wichita 5
BOTTOM OF THE 8TH
Wichita Wranglers batting - Pitching for BlackIron Dragons : RHP Doug Adams
Pitching: RHP Raúl Durán
Batting: RHB Santiago Morales 0-0: Ball
1-0: Ball
2-0: Called Strike
2-1: Foul Ball, location: 2F
2-2: Strikes out looking
Batting: LHB Richard Hinkle 0-0: Called Strike
0-1: Swinging Strike
0-2: Ball
1-2: Strikes out swinging
Batting: SHB Wayne Matthews 0-0: Swinging Strike
0-1: Ground out 4-3 (Groundball, 4M)
Bottom of the 8th over - 0 run(s), 0 hit(s), 0 error(s), 0 left on base; BlackIron 6 - Wichita 5
TOP OF THE 9TH
BlackIron Dragons batting - Pitching for Wichita Wranglers : LHP Jeff Jackson
Pitching: RHP Craig Adams
Batting: LHB Miguel Barrón 0-0: Ball
1-0: Called Strike
1-1: Foul Ball, location: 2F
1-2: Strikes out swinging
Batting: RHB Doug O'Brien 0-0: Ball
1-0: Ball
2-0: Ball
3-0: Base on Balls
Pinch Runner at 1st Preston MacLyan:
Batting: LHB Mike Davis 0-0: Ball
Preston MacLyan steals 2nd base
1-0: Intentional Walk
Pinch Hitting: LHB Terry Simpson 0-0: Fielders Choice at 2nd, 3-6 (Groundball, 34)
Preston MacLyan to third
Batting: LHB Manuel Cardenas 0-0: Ball
1-0: Foul Ball, location: 2F
1-1: Ball
2-1: Foul Ball, location: 2F
2-2: Ball
3-2: Foul Ball, location: 2F
3-2: SINGLE (Groundball, 4D)
Preston MacLyan scores
Terry Simpson to second
Terry Simpson to third
Pitching: LHP Jorge Ybarra
Pinch Hitting: LHB Chris Waggoner 0-0: Ball
1-0: Ball
2-0: Foul Ball, location: 2F
Pickoff Throw to First - Out!
Top of the 9th over - 1 run(s), 1 hit(s), 0 error(s), 0 left on base; BlackIron 7 - Wichita 5
BOTTOM OF THE 9TH
Wichita Wranglers batting - Pitching for BlackIron Dragons : RHP Raúl Durán
Pitching: LHP Roberto Ontiveros
Now at C: António Romo
Now in LF: Terry Simpson
Batting: LHB José López 0-0: Ball
1-0: Swinging Strike
1-1: Swinging Strike
1-2: Foul Ball, location: 2F
1-2: Ball
2-2: Foul Ball, location: 2F
2-2: Foul Ball, location: 2F
2-2: Strikes out swinging
Batting: LHB Aurelio Torrez 0-0: Ball
1-0: Ball
2-0: Ball
3-0: Called Strike
3-1: Foul Ball, location: 2F
3-2: Reached on error, E6 (Groundball, 6)
Batting: RHB Oliver Todd 0-0: Fly out, F9 (Flyball, 9LSF)
Batting: SHB Javier Peña 0-0: Ball
1-0: Ball
2-0: Called Strike
2-1: SINGLE (Groundball, 56D)
Aurelio Torrez to second
Batting: RHB Félix Gonzáles 0-0: Ball
1-0: Swinging Strike
1-1: Ball
2-1: Foul Ball, location: 2F
2-2: Ball
3-2: Strikes out swinging
Bottom of the 9th over - 0 run(s), 1 hit(s), 1 error(s), 2 left on base; BlackIron 7 - Wichita 5
Thursday, March 30th, 2017 - OOTP Baseball 17.12 Build 75